 Dungeon Sprint DCSS version bcrawl-1.31 (webtiles) character file.

Game seed: 7322333654768270387

155222 Groucho the Sneak (level 2, -4/33 HPs)
             Began as an Ent Sloth Apostle on Apr 2, 2021.
             Was a Priest of Cheibriados.
             Slain by a sky beast (6 damage)
             ... in the Dungeon (Sprint IX: "|||||||||||||||||||||||||||||").
             The game lasted 00:01:05 (59 turns).

Groucho the Sneak (Ent Sloth Apostle)                 Turns: 59, Time: 00:01:06

Health: -4/33      AC:  9    Str: 26    XL:     2   Next: 41%
Magic:  5/5        EV:  6    Int: 19    God:    Cheibriados [***...]
Gold:   0          SH:  9    Dex: 16    Spells: 4/5 levels left

rFire    . . .     SeeInvis .   a - +0 mace
rCold    . . .     Gourm    .   b - +0 medium shield
rNeg     + + +     Faith    .   (armour unavailable)
rPois    +         Spirit   .   (helmet restricted)
rElec    .         Reflect  .   (no cloak)
rCorr    .         Harm     .   (gloves unavailable)
MR       .....     NoTele   +   (boots unavailable)
Stlth    +++.......             (no amulet)
HPRegen  0.11/turn              (no ring)
MPRegen  0.09/turn              (no ring)

@: very slow
A: large, slow actions, passwall, strong branches, negative energy resistance 3,
poison resistance, slow metabolism 1, torment resistance, unbreathing, AC +9
a: Passwall, Bend Time, Temporal Distortion, Renounce Religion


You were in the Dungeon.
You worshipped Cheibriados.
Cheibriados was most pleased with you.
You were not hungry.

You visited 1 branch

Inventory:

Hand Weapons
 a - a +0 mace (weapon)
Armour
 b - a +0 medium shield (worn)
Wands
 c - a wand of paralysis (10)
Scrolls
 j - a scroll of blinking
Potions
 g - a potion of haste
 h - 2 potions of magic
 i - a potion of berserk rage
Comestibles
 e - a ration {!d}
 k - 3 chunks of flesh


   Skills:
 + Level 3.0 Fighting
 + Level 3.2 Maces & Flails
 + Level 0.7 Dodging
 - Level 4.0 Stealth
 + Level 2.1 Shields
 + Level 2.3 Spellcasting
 + Level 2.0 Hexes
 + Level 1.0 Invocations
 - Level 1.4 Evocations


You had 4 spell levels left.
You knew the following spells:

 Your Spells              Type           Power        Failure   Level  Hunger
a - Slow                  Hex            #.......     41%         1    None
Your spell library was empty.

Dungeon Overview and Level Annotations

Branches:
Dungeon (1/1)

Altars:


Innate Abilities, Weirdness & Mutations

You move and act slowly.
You can pass through walls and trees.
Your branches can wield two-handed weapons with a shield.
Your thick bark is tough. (AC +9)
You are too large for most types of armour.
You are immune to negative energy. (rN+++)
Your system is resistant to poisons. (rPois)
You have a slow metabolism.
You are immune to unholy pain and torment.
You can survive without breathing.


Message History

The sky beast shocks you.
You barely miss the sky beast.
The sky beast is severely wounded.
The sky beast flickers out of sight!
Deactivating autopickup; reactivate with Ctrl-A.
Something hits you but does no damage. Something hits you.
Something shocks you.
* * * LOW HITPOINT WARNING * * *
No path to travel!
You feel much better. Something hits you. Something shocks you.
You barely miss something. Something hits you. Something shocks you.
Something hits you. Something shocks you.
You miss something. Something hits you.
* * * LOW HITPOINT WARNING * * *
Something shocks you.
* * * LOW HITPOINT WARNING * * *
Something hits you.
* * * LOW HITPOINT WARNING * * *
Something shocks you.
You die...

▓+▓
▓.▓
▓.▓
▓.▓
▓Z▓
▓Z▓
▓{▓
▓@▓
▓.▓
▓.▓
▓.▓
▓)▓
▓'▓
▓.▓
▓.▓
▓.▓


You could see a quokka zombie and a quokka skeleton.

Vanquished Creatures
  An adder (D)
  An orc (D)
  A giant cockroach (D)
  A goblin (D)
  A jackal (D)
  A bat (D)
  A kobold (D)
7 creatures vanquished.

Notes
Turn   | Place    | Note
-------+----------+-------------------------------------------
     0 | D        | Groucho the Ent Sloth Apostle began the quest for the Orb.
     0 | D        | Reached XP level 1. HP: 22/22 MP: 2/2
     6 | D        | Reached skill level 1 in Evocations
     6 | D        | Reached * piety under Cheibriados
    10 | D        | Reached ** piety under Cheibriados
    21 | D        | Noticed a sky beast
    25 | D        | Reached skill level 4 in Stealth
    45 | D        | Reached *** piety under Cheibriados
    46 | D        | Reached skill level 1 in Invocations
    46 | D        | Reached XP level 2. HP: 25/33 MP: 5/5
    59 | D        | Slain by a sky beast

Skill      XL: |  1 |
---------------+----+-----
Evocations     | 1 |  1.4
Maces & Flails | 3 |  3.2
Stealth        | 4 |  4.0
Shields        | 2 |  2.1
Spellcasting   | 2 |  2.3
Fighting       | 3 |  3.0
Hexes          | 2 |  2.0
Invocations    | 1 |  1.0
Dodging        | |  0.7

Action                   || total
-------------------------++-------
Melee: Mace              ||    44
  Use: Potion            ||     2
Armor: Skin              ||    29
Dodge: Dodged            ||    13
Block: Medium shield     ||    32
